 Dungeon Crawl Stone Soup version 0.18-a0-116-g2d311b1 (webtiles) character file.

4400 Grim the Carver (level 10, -2/94 HPs)
             Began as a Minotaur Fighter on Nov 11, 2015.
             Was the Champion of Cheibriados.
             Slain by Proton's ghost (17 damage)
             ... on level 8 of the Dungeon on Nov 16, 2015.
             The game lasted 00:24:22 (8083 turns).

Grim the Carver (Minotaur Fighter)                  Turns: 8083, Time: 00:24:22

Health: -2/94      AC: 10    Str: 37    XL:     10   Next: 13%
Magic:  9/14       EV: 10    Int: 20    God:    Cheibriados [******]
Gold:   327        SH:  0    Dex: 27    Spells: 0 memorised, 9 levels left

rFire  + + .     SeeInvis .     a - +0 long sword
rCold  x . .     Clarity  .     b - +0 scale mail
rNeg   . . .     SustAt   .     (no shield)
rPois  .         Gourm    .     L - +2 hat {MR+}
rElec  .         Spirit   .     (no cloak)
rCorr  .         Warding  .     B - +0 pair of gloves
rMut   +         Stasis   .     (no boots)
MR     +....                    c - amulet of resist mutation
Stlth  +.........               (no ring)
                                q - ring of fire

@: very slow, somewhat resistant to hostile enchantments, very unstealthy
A: retaliatory headbutt, horns 2, fire resistance 1
a: Bend Time, Temporal Distortion, Slouch, Step From Time, Renounce Religion


You were on level 8 of the Dungeon.
You worshipped Cheibriados.
Cheibriados was exalted by your worship.
You were not hungry.

You visited 1 branch of the dungeon, and saw 8 of its levels.
You also visited: Sewer.

You collected 327 gold pieces.

Inventory:

Hand Weapons
 a - a +0 long sword (weapon)
 t - a +0 blowgun
Missiles
 u - 17 poisoned needles
Armour
 b - a +0 scale mail (worn)
 B - a +0 pair of gloves (worn)
 L - a +2 hat of magic resistance (worn)
Jewellery
 c - an amulet of resist mutation (around neck)
 q - a ring of fire (left hand)
Wands
 C - a wand of flame (31)
 I - a wand of paralysis (15)
 M - a wand of lightning (3)
Scrolls
 k - 4 scrolls of remove curse
 m - a scroll of enchant armour {unknown}
 n - 3 scrolls of noise
 r - 6 scrolls of fog
 v - 4 scrolls of teleportation
 w - a scroll of blinking {unknown}
 y - a scroll of fear {unknown}
 A - 2 scrolls of identify
 E - a scroll of amnesia {unknown}
 F - a scroll of enchant weapon {unknown}
 K - a scroll of summoning {unknown}
Potions
 d - a potion of might
 f - a potion of invisibility
 g - a potion of heal wounds
 h - a potion of cancellation
 i - a potion of curing
 j - 3 potions of lignification
 s - 8 potions of flight
 J - a potion of ambrosia {unknown}
 N - a potion of agility {unknown}
Books
 o - a book of the Sky

   Spells                             Type                      Level
   a - Summon Lightning Spire         Summoning/Air                4
   b - Airstrike                      Air                          4
   c - Silence                        Hexes/Air                    5
   d - Deflect Missiles               Charms/Air                   6
   e - Conjure Ball Lightning         Conjuration/Air              6
   f - Tornado                        Air                          9
 p - a book of Debilitation

   Spells                             Type                      Level
   a - Corona                         Hexes                        1
   b - Slow                           Hexes                        2
   c - Gell's Gravitas                Hexes/Translocation          3
   d - Inner Flame                    Hexes/Fire                   3
   e - Cause Fear                     Hexes                        4
   f - Leda's Liquefaction            Hexes/Earth                  4
 z - a Fen Folio

   Spells                             Type                      Level
   a - Corpse Rot                     Necromancy                   2
   b - Stone Arrow                    Conjuration/Earth            3
   c - Leda's Liquefaction            Hexes/Earth                  4
   d - Summon Forest                  Summoning/Translocation      5
   e - Hydra Form                     Transmutation                6
   f - Summon Hydra                   Summoning                    7
 D - a book of Debilitation

   Spells                             Type                      Level
   a - Corona                         Hexes                        1
   b - Slow                           Hexes                        2
   c - Gell's Gravitas                Hexes/Translocation          3
   d - Inner Flame                    Hexes/Fire                   3
   e - Cause Fear                     Hexes                        4
   f - Leda's Liquefaction            Hexes/Earth                  4
 H - a book of Changes

   Spells                             Type                      Level
   a - Beastly Appendage              Transmutation                1
   b - Sticks to Snakes               Transmutation                2
   c - Spider Form                    Transmutation/Poison         3
   d - Ice Form                       Ice/Transmutation            4
   e - Blade Hands                    Transmutation                5
Comestibles
 e - 6 bread rations
 l - a slice of pizza
 x - 7 meat rations
 G - 6 fruits
 O - 2 chunks of flesh


   Skills:
 - Level 10.8 Fighting
 - Level 11.0 Long Blades
 + Level 0.4 Throwing
 - Level 3.6 Armour
   Level 3.6 Shields
 - Level 7.6 Invocations


You had 9 spell levels left.
You didn't know any spells.

Dungeon Overview and Level Annotations

Branches:
Dungeon (8/15)             Temple (0/1) D:6
   Lair: D:8-11

Altars:
Cheibriados
Dithmenos
Elyvilon
Gozag
Kikubaaqudgha
Makhleb
Nemelex Xobeh
Trog
The Shining One

Shops:
D:4 [(}[!

Annotations:
D:8 Proton's ghost, novice DDFi


Innate Abilities, Weirdness & Mutations

You reflexively headbutt those who attack you in melee.
You have a pair of horns on your head.
Your flesh is heat resistant.


Message History

Proton's ghost is moderately damaged.
Proton's ghost hits you.
* * * LOW HITPOINT WARNING * * *
You are electrocuted!
* * * LOW HITPOINT WARNING * * *
A hound comes into view.
You barely miss Proton's ghost.
Proton's ghost is moderately damaged.
The hound barks!
Proton's ghost hits you!
* * * LOW HITPOINT WARNING * * *
You are electrocuted!
* * * LOW HITPOINT WARNING * * *
You can feel time thicken for a moment.
You kill the hound!
Cheibriados thoroughly appreciates the change of pace.
You feel somewhat more hungry. Proton's ghost hits you.
* * * LOW HITPOINT WARNING * * *
You are electrocuted!
You die...

#.....#.## #.#
#.##......## #.#
..........## #..
##.##.....# ###
#.##.....# # #.####.###
## #.# ... ########.
#W# #.#. ......... # #
#@# #. . ########.
.#.###.######### ##
#.##...........## #
#.##.#..........#######
#.##.#########......)..
### #.##.######
#.######## ..#
#.........# #.#
#.#########.....###.#
#.#
............##..###.##
#.#


You could see Proton's ghost.

Vanquished Creatures
  A hill giant (D:7)
  Grinder (D:5)
  A hungry ghost (D:8)
  Menkaure (D:5)
  A water moccasin (D:8)
  3 ice beasts
  2 orc warriors
  A sky beast (D:6)
  An ogre (D:6)
  3 centaurs
  3 giant frogs (D:6)
  5 scorpions
  A vampire bat (D:2)
  8 killer bees (D:8)
  5 crimson imps
  4 hounds
  A jelly (D:8)
  3 centaur skeletons
  10 orc priests
  13 orc wizards
  A giant frog skeleton (D:5)
  6 worker ants
  Terence (D:2)
  A hound skeleton (D:5)
  A gnoll (D:7)
  A worker ant zombie (D:6)
  18 adders
  A shadow imp (D:6)
  4 oozes
  An adder skeleton (D:6)
  3 adder zombies
  6 worms
  44 orcs
  3 bat skeletons (D:2)
  3 bat zombies (D:2)
  8 giant cockroaches
  6 goblins
  9 hobgoblins
  14 jackals
  A quokka (D:4)
  4 ball pythons
  5 bats
  4 giant geckos
  A giant gecko zombie (D:5)
  7 giant newts
  A goblin zombie (D:4)
  A hobgoblin zombie (D:4)
  9 kobolds
  3 kobold skeletons (D:4)
  2 orc zombies (D:4)
  12 rats
249 creatures vanquished.

Vanquished Creatures (others)
  A jelly (D:6)
  A giant gecko (D:6)
  4 plants (D:7)
6 creatures vanquished.

Grand Total: 255 creatures vanquished

Notes
Turn   | Place    | Note
--------------------------------------------------------------
     0 | D:1      | Grim the Minotaur Fighter began the quest for the Orb.
     0 | D:1      | Reached XP level 1. HP: 19/19 MP: 0/0
    81 | D:1      | Reached XP level 2. HP: 26/26 MP: 1/1
   262 | D:1      | Reached skill level 4 in Long Blades
   391 | D:1      | Reached XP level 3. HP: 21/31 MP: 2/2
   534 | D:2      | Found a snail-covered altar of Cheibriados.
   539 | D:2      | Found a shadowy altar of Dithmenos.
   561 | D:2      | Reached skill level 5 in Long Blades
   599 | D:2      | Noticed Terence
   616 | D:2      | Killed Terence
   616 | D:2      | Reached XP level 4. HP: 6/39 MP: 3/3
   867 | D:2      | Became a worshipper of Cheibriados the Contemplative
   904 | D:2      | Found a burning altar of Makhleb.
  1037 | D:2      | Found a bloodstained altar of Trog.
  1226 | D:2      | Found an ancient bone altar of Kikubaaqudgha.
  1243 | D:2      | Reached skill level 6 in Long Blades
  1243 | D:2      | Reached XP level 5. HP: 40/45 MP: 4/4
  1397 | D:3      | Reached * piety under Cheibriados
  1413 | D:3      | Found a glowing drain.
  1494 | Sewer    | Entered a sewer
  1608 | Sewer    | Reached skill level 7 in Long Blades
  1840 | D:3      | Reached skill level 1 in Invocations
  1851 | D:3      | Reached XP level 6. HP: 41/51 MP: 4/6
  1852 | D:3      | Reached ** piety under Cheibriados
  2331 | D:4      | Found Gusurph's Antique Armour Emporium.
  2343 | D:4      | Reached skill level 8 in Long Blades
  2624 | D:4      | Found Koam Eraro's Antique Armour Shoppe.
  2650 | D:4      | Found Doess's Gadget Emporium.
  2735 | D:4      | Found a glowing golden altar of the Shining One.
  2763 | D:4      | Reached *** piety under Cheibriados
  2784 | D:4      | Found Cykhaosk's Distillery.
  2860 | D:4      | Found an opulent altar of Gozag.
  2970 | D:4      | Found Celecrut's Antique Weapon Shop.
  2981 | D:4      | Reached XP level 7. HP: 53/57 MP: 7/7
  3330 | D:5      | Entered Level 5 of the Dungeon
  3381 | D:5      | Upgraded the game from 0.18-a0-73-g76764e3 to 0.18-a0-116-g2d311b1
  3536 | D:5      | Noticed Menkaure
  3540 | D:5      | Killed Menkaure
  3540 | D:5      | Reached skill level 9 in Long Blades
  3604 | D:5      | Got a translucent chain mail
  3615 | D:5      | Identified the +6 chain mail "Aqodek" {rElec MR++ Int+2 Slay-4} (You found it on level 5 of the Dungeon)
  3885 | D:5      | Noticed Grinder
  3887 | D:5      | Paralysed by Grinder for 4 turns
  3896 | D:5      | Killed Grinder
  3896 | D:5      | Reached skill level 10 in Long Blades
  3896 | D:5      | Reached XP level 8. HP: 42/64 MP: 8/10
  4088 | D:5      | HP: 3/64 [orc priest/divine providence (15)]
  4697 | D:5      | Reached skill level 11 in Long Blades
  4753 | D:5      | Found a sparkling altar of Nemelex Xobeh.
  4832 | D:5      | Reached **** piety under Cheibriados
  5183 | D:6      | Reached skill level 5 in Invocations
  5199 | D:6      | Reached skill level 5 in Fighting
  5360 | D:6      | Found a staircase to the Ecumenical Temple.
  5422 | D:6      | Found a white marble altar of Elyvilon.
  5623 | D:6      | Reached XP level 9. HP: 74/78 MP: 12/12
  5689 | D:6      | Reached ***** piety under Cheibriados
  6070 | D:7      | Gained mutation: Your flesh is heat resistant. [potion of beneficial mutation]
  6360 | D:7      | Noticed a hill giant
  6368 | D:7      | Killed a hill giant
  7232 | D:8      | Reached skill level 10 in Fighting
  7235 | D:8      | Reached ****** piety under Cheibriados
  7547 | D:8      | Reached XP level 10. HP: 69/94 MP: 14/14
  8075 | D:8      | Noticed Proton's ghost (novice DDFi)
  8083 | D:8      | Slain by Proton's ghost

Vault maps used:
D:1:      saegor_arrival_miasma
D:2:      overflow_temple_1_default, kennysheep_vampire_church, bloody_trog,
          grunt_temple_overflow_open, uniq_terence
D:3:      portal_sewer_entry_b
D:4:      grunt_gozag_statues, serial_shops, nicolae_shop_statue_plus, shop,
          shop, shop, kennysheep_mini, nicolae_tso_besieged_by_evil
D:5:      first_bread, nemelex_lonely_heart_becter, uniq_menkaure, uniq_grinder
D:6:      elyvilon_altar_4, lemuel_temple_firewalk_marked, serial_glass,
          glass_columns_b, glass_columns_a
D:7:      corexii_shack_village
D:8:      minmay_lair_entry_lava
Sewer:    sewer_co_15_rooms

Action                   |  1- 3 |  4- 6 |  7- 9 | 10-12 || total
-------------------------+-------+-------+-------+-------++-------
Melee: Long sword        |    75 |   238 |   302 |    31 ||   646
Invok: Bend Time         |       |       |     2 |       ||     2
       Slouch            |       |       |       |     1 ||     1
  Use: Scroll            |       |     4 |     9 |       ||    13
       Potion            |       |       |     6 |       ||     6
  Eat: Chunk             |       |     5 |     4 |       ||     9
       Bread ration      |       |       |     1 |     1 ||     2
